 Dungeon Crawl Stone Soup version 0.28.0-53-g5a82cb258f (webtiles) character file.

Game seed: 5551597095829358302

3 issech the Chopper (level 1, -2/20 HPs)
             Began as a Minotaur Monk on June 9, 2022.
             Slain by a quokka (4 damage)
             ... on level 1 of the Dungeon.
             The game lasted 00:01:26 (189 turns).

issech the Chopper (Minotaur Monk)                   Turns: 189, Time: 00:01:27

Health: -2/20      AC:  8    Str: 15    XL:     1   Next: 41%
Magic:  0/0        EV:  7    Int:  7    God:
Gold:   14         SH:  0    Dex: 12    Spells: 0/0 levels left

rFire   . . .      SeeInvis .   a - +0 hand axe
rCold   . . .      Faith    .   (no shield)
rNeg    . . .      Spirit   .   c - +0 chain mail
rPois   .          Reflect  .   (helmet restricted)
rElec   .          Harm     .   (no cloak)
rCorr   .          Rampage  .   (no gloves)
Will    .....                   (no boots)
Stlth   ..........              (no amulet)
HPRegen 0.06/turn               (no ring)
MPRegen 0.07/turn               (no ring)

@: no status effects
A: horns 2, retaliatory headbutt
a: no special abilities


You were on level 1 of the Dungeon.
You visited 1 branch of the dungeon, and saw 1 of its levels.

You collected 14 gold pieces.

Inventory:

Hand Weapons
 a - a +0 hand axe (weapon)
Missiles
 d - 16 arrows
Armour
 c - a +0 chain mail (worn)
Scrolls
 b - a scroll of torment {unknown}


   Skills:
 + Level 3.6 Fighting
 + Level 3.6 Axes
 + Level 3.5 Dodging
 + Level 1.5 Stealth


You couldn't memorise any spells.
You didn't know any spells.
Your spell library was empty.

Dungeon Overview and Level Annotations

Branches:
Dungeon (1/15)

Altars:

Shops:
D:1 =((


Innate Abilities, Weirdness & Mutations

You have a pair of horns on your head.
You reflexively headbutt those who attack you in melee.


Message History

Your headbutt misses the giant cockroach.
The giant cockroach is moderately wounded.
The giant cockroach bites you.
You hit the giant cockroach.
You kill the giant cockroach!
Found a plate armour.
A goblin and a quokka come into view.
The goblin shouts!
The quokka bites you but does no damage.
You miss the quokka.
The quokka bites you but does no damage.
You closely miss the quokka. The quokka bites you.
You completely miss the quokka. The quokka bites you.
The quokka bites you but does no damage.
You hit the quokka but do no damage. Your headbutt misses the quokka.
The quokka bites you.
You hit the quokka but do no damage.
The quokka bites you but does no damage.
The quokka bites you.
You completely miss the quokka.
The quokka bites you but does no damage.
You hit the quokka.
The quokka is moderately wounded.
The quokka bites you.
* * * LOW HITPOINT WARNING * * *
You closely miss the quokka.
The quokka is moderately wounded.
The quokka bites you but does no damage.
The quokka bites you.
* * * LOW HITPOINT WARNING * * *
You barely miss the quokka.
The quokka is moderately wounded.
The quokka bites you but does no damage.
The quokka bites you but does no damage.
The quokka bites you but does no damage.
Found an escape hatch in the floor.
Found Ventoag's Antique Weapon Boutique.
The quokka barely misses you. The quokka bites you.
You die...

##8.8.8###.# #.#.#.#
####..⌠.†.# #.# #.#.#.#
.....8.∩.8###.# #.#.#.#
#####.⌠.⌠..##.# #.#.#.#
##8.8.8.##.# #.#.#.#
#..........# #.#.#.#
#####.########## #.#.#.#
.............######.#.#.#
###...........gr@.#.#.#.#
#..#.#.###8[..####[#.#.#
#.##.#..##....# #.#.#.#
#. #.##.8.∩>8.# #.#.#.#
#. #.# ###.#### #.#.#.#
#. #.# #8# #.#.#.# .. ..#
..# #.#.#.# #. #.#
#.#.#.# #<+...#


You could see a quokka and a goblin.

Vanquished Creatures
  A giant cockroach (D:1)
  A goblin (D:1)
  A rat (D:1)
3 creatures vanquished.

Notes
Turn   | Place    | Note
-------+----------+-------------------------------------------
     0 | D:1      | issech the Minotaur Monk began the quest for the Orb.
     0 | D:1      | Reached XP level 1. HP: 19/19 MP: 0/0
   104 | D:1      | Found Gosmanye's Jewellery Shoppe.
   122 | D:1      | Found Noaptolo's Antique Weapon Boutique.
   173 | D:1      | HP: 1/20 [quokka (3)]
   183 | D:1      | Found Ventoag's Antique Weapon Boutique.
   189 | D:1      | Slain by a quokka

Illustrated notes

Levels and vault maps discovered:
D:1:      wheals_arrival_linesprint, layout_loops_ring,
          hellmonk_ecumenical_altar_zigzags, serial_shops, shop,
          nicolae_shop_temple_entry_statues_fountains, shop,
          nicolae_shop_statue_plus, nicolae_diamond_shop,
          minmay_misc_feat_more_columns

Action                   || total
-------------------------++-------
Melee: Hand axe          ||    17
       Headbutt          ||     2
Armor: Chain mail        ||    12
Dodge: Dodged            ||     6
